Red Wings vs Rangers

Created - 19 novembre 2015 at 21:08

Goals
1 2 3 OT1 SO T
Red Wings 2 0 0 0 0 2
Rangers 1 0 1 0 1 3
Shots
1 2 3 OT1 SO T
Red Wings 14 9 4 0 3 27
Rangers 10 5 5 3 3 23

1st period

1. Red Wings , Mike Richards 5 (Sean Bergenheim) at 3:10
2. Red Wings , Jason Spezza 11 (Shea Weber, Shawn Horcoff) at 7:57
3. Rangers , Patrice Bergeron 8 (Chris Bourque, Gustav Nyquist) at 8:07

Penalties :
Martin Havlat (Det) for Holding (Minor) at 8:16, Drew Stafford (NYR) for High sticking (Minor) at 17:34

2nd period

No Goal

Penalties :
Jason Spezza (Det) for Roughing (Minor) at 7:12, Jason Spezza (Det) for Tripping (Minor) at 11:48, Martin Havlat (Det) for Hooking (Minor) at 16:44

3rd period

4. Rangers , Drew Stafford 7 (Brad Richards, Jakob Silfverberg) at 2:24 (PP)

Penalties :
Martin Havlat (Det) for Holding (Minor) at 2:07, Gustav Nyquist (NYR) for Slashing (Double Minor) at 5:34, Valtteri Filppula (NYR) for Tripping (Minor) at 12:54

Overtime #1

No Goal

Penalties :
No Penalty

Shootout

Penalty Shot by Jason Spezza for Red Wings - Stopped by Henrik Lundqvist
Penalty Shot by Patrice Bergeron for Rangers - Shot Misses the Net
Penalty Shot by Rick Nash for Red Wings - Stopped by Henrik Lundqvist
Penalty Shot by Brad Richards for Rangers - Stopped by Jonathan Quick
Penalty Shot by Mike Richards for Red Wings - Stopped by Henrik Lundqvist
Penalty Shot by Milan Lucic for Rangers - Goal!

Penalties :
No Penalty

Goalie Stats

Jonathan Quick (Det), 21 saves from 23 shots - (0,913), OTL, 6-5-2, 65:00 minutes
Henrik Lundqvist (NYR), 25 saves from 27 shots - (0,926), W, 3-8-2, 65:00 minutes

Players Stats for Red Wings

Player Name              G  A  P  +/- PIM S  H  SB GA TA FO     MP     PP MP  PK MP  
------------------------------------------------------------------------------------
Ales Hemsky              0  0  0   1  0   3  0  0  0  1  0/0    18:21   3:13   0:00 
Alex Picard              0  0  0   0  0   1  3  0  1  0  2/3    15:18   0:25   3:42 
Christian Backman        0  0  0   0  0   0  0  0  0  0  0/0     4:29   0:38   0:00 
Jason Spezza             1  0  1   0  4   4  1  1  1  0  10/24  25:14   3:46   2:25 
Jonathan Sigalet         0  0  0   0  0   0  0  0  0  0  0/0    12:37   0:35   0:00 
Martin Havlat            0  0  0   0  6   0  1  0  0  0  2/3    18:45   3:47   0:00 
Maxim Kondratiev         0  0  0   0  0   0  2  0  0  1  0/0    21:04   3:06   3:37 
Mike Brown               0  0  0   0  0   0  0  0  0  0  0/1    10:43   0:54   0:00 
Mike Richards            1  0  1   1  0   7  3  0  1  0  9/15   21:09   3:13   2:52 
Nate Thompson            0  0  0   0  0   1  0  0  0  0  3/4    10:46   0:47   1:41 
Ossi Vaananen            0  0  0   0  0   0  0  1  0  0  0/0    12:02   0:00   0:00 
Paul Martin              0  0  0   1  0   0  0  2  0  1  0/0    27:28   4:16   4:36 
Richard Jackman          0  0  0   0  0   0  2  0  1  0  0/0    21:04   3:06   3:37 
Rick Nash                0  0  0   0  0   1  3  0  0  1  2/4    24:13   3:47   4:40 
Robert Dome              0  0  0   0  0   1  1  0  0  0  0/0     6:20   0:00   0:54 
Sean Bergenheim          0  1  1   1  0   6  3  0  2  0  0/0    17:43   3:13   0:00 
Shawn Horcoff            0  1  1   0  0   0  4  0  0  0  0/1    13:07   0:43   0:12 
Shea Weber               0  1  1   1  0   3  3  4  0  2  0/0    31:19   4:16   4:36 

Players Stats for Rangers

Player Name              G  A  P  +/- PIM S  H  SB GA TA FO     MP     PP MP  PK MP  
------------------------------------------------------------------------------------
Alexei Emelin            0  0  0  -1  0   1  1  0  0  0  0/0    17:13   0:00   3:21 
Brad Richards            0  1  1   0  0   3  3  0  0  1  9/22   21:09   3:54   1:54 
Cam Barker               0  0  0  -1  0   0  1  0  0  1  0/0    20:52   3:34   0:48 
Chris Bourque            0  1  1  -1  0   1  0  0  0  0  0/0     4:09   0:53   0:00 
Drew Stafford            1  0  1   0  2   3  2  0  0  0  0/0    16:55   4:47   0:00 
Gustav Nyquist           0  1  1  -1  4   0  1  0  0  0  0/1    14:06   3:45   0:00 
Jakob Silfverberg        0  1  1   0  0   1  0  0  0  0  0/0    16:29   3:51   0:00 
Johan Franzen            0  0  0   0  0   4  0  0  0  0  0/0    11:20   0:29   1:51 
Mark Fistric             0  0  0   1  0   0  1  1  1  0  0/0    23:16   0:00   3:48 
Matt Greene              0  0  0  -1  0   0  3  0  1  0  0/0    16:55   0:00   3:21 
Mike Cammalleri          0  0  0   0  0   1  3  0  0  0  1/1    21:35   3:58   2:27 
Milan Lucic              0  0  0   0  0   3  2  1  2  3  4/5    21:59   4:05   0:10 
Nick Foligno             0  0  0   0  0   1  0  0  0  0  0/0    16:20   1:04   3:29 
Patrice Bergeron         1  0  1  -1  0   3  2  0  0  0  5/11   18:34   3:45   2:34 
Radek Bonk               0  0  0   0  0   0  2  0  0  0  3/8    17:04   2:21   3:29 
Ryan Whitney             0  0  0   1  0   2  0  0  2  0  0/0    26:45   4:39   0:32 
Staffan Kronwall         0  0  0  -1  0   0  2  0  0  0  0/0    17:17   0:00   4:04 
Valtteri Filppula        0  0  0   0  2   0  0  0  0  1  5/7    10:02   0:00   0:00 

3 Stars

1 - Mike Richards (Det)
2 - Shea Weber (Det)
3 - Sean Bergenheim (Det)

Power Play

Red Wings - 0 on 4 Attempt(s) - 0,00%
Rangers - 1 on 5 Attempt(s) - 20,00%

Penalty Kill

Red Wings - 4 on 5 Attempt(s) - 80,00% - Score 0 goal in Penalty Kill
Rangers - 4 on 4 Attempt(s) - 100,00% - Score 0 goal in Penalty Kill

Team Stat

Red Wings - Hits : 26 - Faceoff Wins : 28 - Blocked Shots : 8 - Penalty Minutes : 10
Rangers - Hits : 23 - Faceoff Wins : 27 - Blocked Shots : 2 - Penalty Minutes : 8

Official

Referees : Rehman Kyle and LaRue Dennis
Linesman : Brad Lazarowich and Brian Mach

Game Notes

Chris Bourque is injured at 15:32 of 1st period (Strained Left Knee)

Finance

Level 1 -- Attendance: 4560 (76,00%) -- Ticket Income 410 400 $
Level 2 -- Attendance: 3945 (78,90%) -- Ticket Income 216 975 $
Level 3 -- Attendance: 1842 (92,10%) -- Ticket Income 55 260 $
Level 4 -- Attendance: 3814 (95,35%) -- Ticket Income 76 280 $
Luxury Box -- Attendance: 708 (70,80%) -- Ticket Income 123 900 $
Game was played at the Madison Square Garden'
Total Attendance: 14869 (82,61%)
Total Ticket Income: 882 815 $
Other Income: 132 422 $
Total Income: 1 015 237 $

Red Wings

5 vs 5 Forward 
   Center                   Left Wing                Right Wing               Time % Phy DF OF 
 1 Jason Spezza             Rick Nash                Martin Havlat            40     1   2  2  
 2 Mike Richards            Sean Bergenheim          Ales Hemsky              30     1   2  2  
 3 Shawn Horcoff            Alex Picard              Mike Brown               20     1   2  2  
 4 Nate Thompson            Robert Dome              Jason Spezza             10     1   2  2  

5 vs 5 Defense 
   Defense                  Defense                                           Time % Phy DF OF 
 1 Shea Weber               Paul Martin                                       40     1   2  2  
 2 Maxim Kondratiev         Richard Jackman                                   30     1   2  2  
 3 Jonathan Sigalet         Ossi Vaananen                                     20     1   2  2  
 4 Christian Backman        Shea Weber                                        10     1   2  2  

PowerPlay Forward 
   Center                   Left Wing                Right Wing               Time % Phy DF OF 
 1 Jason Spezza             Rick Nash                Martin Havlat            60     1   2  2  
 2 Mike Richards            Sean Bergenheim          Ales Hemsky              40     1   2  2  

PowerPlay Defense
   Defense                  Defense                                           Time % Phy DF OF 
 1 Shea Weber               Paul Martin                                       60     1   2  2  
 2 Maxim Kondratiev         Richard Jackman                                   40     1   2  2  

Penalty Kill 4 Players Forward 
   Center                   Wing                     Time % Phy DF OF 
 1 Jason Spezza             Rick Nash                60     1   2  2  
 2 Mike Richards            Martin Havlat            40     1   2  2  

Penalty Kill 4 Players Defense
   Defense                  Defense                  Time % Phy DF OF 
 1 Shea Weber               Paul Martin              60     1   2  2  
 2 Maxim Kondratiev         Richard Jackman          40     1   2  2  

Penalty Kill - 3 Players Forward 
   Forward                                           Time % Phy DF OF 
 1 Jason Spezza                                      60     1   2  2  
 2 Rick Nash                                         40     1   2  2  

Penalty Kill - 3 Players Defense
   Defense                  Defense                  Time % Phy DF OF 
 1 Shea Weber               Paul Martin              60     1   2  2  
 2 Maxim Kondratiev         Richard Jackman          40     1   2  2  

4 vs 4 Forward 
   Center                   Wing                     Time % Phy DF OF 
 1 Jason Spezza             Rick Nash                60     1   2  2  
 2 Mike Richards            Martin Havlat            40     1   2  2  

4 vs 4 Defense
   Defense                  Defense                  Time % Phy DF OF 
 1 Shea Weber               Paul Martin              60     1   2  2  
 2 Maxim Kondratiev         Richard Jackman          40     1   2  2  

Last Minutes Offensive
   Center                   Left Wing                Right Wing               Defense                  Defense                  
   Jason Spezza             Rick Nash                Martin Havlat            Shea Weber               Paul Martin              

Last Minutes Defensive
   Center                   Left Wing                Right Wing               Defense                  Defense                  
   Jason Spezza             Rick Nash                Martin Havlat            Shea Weber               Paul Martin              

Goaltenders
Starting : Jonathan Quick           
Backup : Scott Clemmensen         

Extra Forwards
Normal : Shawn Horcoff, Nate Thompson, Alex Picard - PP : Shawn Horcoff, Nate Thompson - PK : Alex Picard
Extra Defensemen
Normal : Jonathan Sigalet, Ossi Vaananen, Christian Backman - PP : Jonathan Sigalet - PK : Ossi Vaananen, Christian Backman
Penalty Shots
Jason Spezza, Rick Nash, Mike Richards, Martin Havlat, Sean Bergenheim

Rangers

5 vs 5 Forward 
   Center                   Left Wing                Right Wing               Time % Phy DF OF 
 1 Brad Richards            Milan Lucic              Jakob Silfverberg        30     1   2  2  
 2 Patrice Bergeron         Chris Bourque            Gustav Nyquist           25     1   2  2  
 3 Valtteri Filppula        Mike Cammalleri          Drew Stafford            25     1   2  2  
 4 Radek Bonk               Nick Foligno             Johan Franzen            20     2   2  1  

5 vs 5 Defense 
   Defense                  Defense                                           Time % Phy DF OF 
 1 Ryan Whitney             Mark Fistric                                      40     1   2  2  
 2 Cam Barker               Matt Greene                                       30     1   2  2  
 3 Alexei Emelin            Staffan Kronwall                                  20     1   2  2  
 4 Ryan Whitney             Cam Barker                                        10     1   2  2  

PowerPlay Forward 
   Center                   Left Wing                Right Wing               Time % Phy DF OF 
 1 Brad Richards            Milan Lucic              Jakob Silfverberg        60     1   0  4  
 2 Patrice Bergeron         Chris Bourque            Gustav Nyquist           40     1   0  4  

PowerPlay Defense
   Defense                  Defense                                           Time % Phy DF OF 
 1 Ryan Whitney             Drew Stafford                                     60     1   1  3  
 2 Mike Cammalleri          Cam Barker                                        40     1   1  3  

Penalty Kill 4 Players Forward 
   Center                   Wing                     Time % Phy DF OF 
 1 Radek Bonk               Nick Foligno             60     1   3  1  
 2 Patrice Bergeron         Johan Franzen            40     1   3  1  

Penalty Kill 4 Players Defense
   Defense                  Defense                  Time % Phy DF OF 
 1 Mark Fistric             Staffan Kronwall         60     2   3  0  
 2 Matt Greene              Alexei Emelin            40     2   3  0  

Penalty Kill - 3 Players Forward 
   Forward                                           Time % Phy DF OF 
 1 Radek Bonk                                        60     1   4  0  
 2 Patrice Bergeron                                  40     1   4  0  

Penalty Kill - 3 Players Defense
   Defense                  Defense                  Time % Phy DF OF 
 1 Mark Fistric             Staffan Kronwall         60     2   3  0  
 2 Matt Greene              Alexei Emelin            40     2   3  0  

4 vs 4 Forward 
   Center                   Wing                     Time % Phy DF OF 
 1 Brad Richards            Milan Lucic              60     1   2  2  
 2 Patrice Bergeron         Chris Bourque            40     1   2  2  

4 vs 4 Defense
   Defense                  Defense                  Time % Phy DF OF 
 1 Ryan Whitney             Mark Fistric             60     1   2  2  
 2 Cam Barker               Matt Greene              40     1   2  2  

Last Minutes Offensive
   Center                   Left Wing                Right Wing               Defense                  Defense                  
   Brad Richards            Milan Lucic              Gustav Nyquist           Patrice Bergeron         Ryan Whitney             

Last Minutes Defensive
   Center                   Left Wing                Right Wing               Defense                  Defense                  
   Patrice Bergeron         Nick Foligno             Johan Franzen            Cam Barker               Mark Fistric             

Goaltenders
Starting : Henrik Lundqvist         
Backup : Hannu Toivonen           

Extra Forwards
Normal : Patrice Bergeron, Milan Lucic, Brad Richards - PP : Patrice Bergeron, Radek Bonk - PK : Patrice Bergeron
Extra Defensemen
Normal : Ryan Whitney, Mark Fistric, Cam Barker - PP : Ryan Whitney - PK : Mark Fistric, Cam Barker
Penalty Shots
Patrice Bergeron, Brad Richards, Milan Lucic, Johan Franzen, Chris Bourque

% Time on Ice - Red Wings

Lines # - Real PCT - Wanted PCT - Time Play
Normal Forward
1 - 32% - 40% - 13:49
2 - 39% - 30% - 16:55
3 - 18% - 20% - 8:02
4 - 12% - 10% - 5:04
Normal Defense
1 - 36% - 40% - 15:57
2 - 29% - 30% - 12:34
3 - 26% - 20% - 11:28
4 - 9% - 10% - 3:51
PP Forward
1 - 60% - 60% - 4:44
2 - 40% - 40% - 3:13
PP Defense
1 - 61% - 60% - 4:51
2 - 39% - 40% - 3:06
PK Forward
1 - 82% - 60% - 6:44
2 - 18% - 40% - 1:29
PK Defense
1 - 56% - 60% - 4:36
2 - 44% - 40% - 3:37
PK3 Forward
1 - 0% - 60%
2 - 0% - 40%
PK3 Defense
1 - 0% - 60%
2 - 0% - 40%
44 Forward
1 - 77% - 60% - 3:52
2 - 23% - 40% - 1:08
44 Defense
1 - 53% - 60% - 2:39
2 - 47% - 40% - 2:21
Last Minute Offensive  - 0:00
Last Minute Defensive  - 0:00
Total
Forward - 65:00
Defense - 65:00

% Time on Ice - Rangers

Lines # - Real PCT - Wanted PCT - Time Play
Normal Forward
1 - 27% - 30% - 11:38
2 - 33% - 25% - 14:33
3 - 21% - 25% - 9:19
4 - 19% - 20% - 8:20
Normal Defense
1 - 39% - 40% - 16:56
2 - 28% - 30% - 12:15
3 - 29% - 20% - 12:30
4 - 5% - 10% - 2:09
PP Forward
1 - 45% - 60% - 3:44
2 - 55% - 40% - 4:29
PP Defense
1 - 57% - 60% - 4:39
2 - 43% - 40% - 3:34
PK Forward
1 - 77% - 60% - 6:06
2 - 23% - 40% - 1:51
PK Defense
1 - 58% - 60% - 4:36
2 - 42% - 40% - 3:21
PK3 Forward
1 - 0% - 60%
2 - 0% - 40%
PK3 Defense
1 - 0% - 60%
2 - 0% - 40%
44 Forward
1 - 93% - 60% - 4:40
2 - 7% - 40% - 0:20
44 Defense
1 - 64% - 60% - 3:12
2 - 36% - 40% - 1:48
Last Minute Offensive  - 0:00
Last Minute Defensive  - 0:00
Total
Forward - 65:00
Defense - 65:00

Play by Play

1st period


0:01 of 1st period - Jason Spezza wins face-off versus Brad Richards in neutral zone.
0:10 of 1st period - Wrist shot by Rick Nash.
0:10 of 1st period - Shot Misses the Net.
0:12 of 1st period - Slapshot by Jason Spezza.
0:12 of 1st period - Shot Misses the Net.
0:14 of 1st period - Wrist shot by Martin Havlat.
0:14 of 1st period - Shot Blocked by Mark Fistric.
0:59 of 1st period - Mark Fistric is hit by Maxim Kondratiev and loses puck.
1:12 of 1st period - Snap shot by Jason Spezza.
1:12 of 1st period - Shot Misses the Net.
1:14 of 1st period - Wrist shot by Jason Spezza.
1:14 of 1st period - Stopped by Henrik Lundqvist without a rebound.
1:15 of 1st period - Radek Bonk wins face-off versus Rick Nash in Rangers zone.
1:34 of 1st period - Wrist shot by Johan Franzen.
1:34 of 1st period - Shot Misses the Net.
2:00 of 1st period - Snap shot by Jason Spezza.
2:00 of 1st period - Stopped by Henrik Lundqvist with a rebound.
2:28 of 1st period - Snap shot by Radek Bonk.
2:28 of 1st period - Shot Misses the Net.
2:42 of 1st period - Slapshot by Johan Franzen.
2:42 of 1st period - Stopped by Jonathan Quick with a rebound.
2:44 of 1st period - Snap shot by Johan Franzen.
2:44 of 1st period - Shot Misses the Net.
2:46 of 1st period - Wrist shot by Johan Franzen.
2:46 of 1st period - Stopped by Jonathan Quick without a rebound.
2:47 of 1st period - Mike Richards wins face-off versus Brad Richards in Red Wings zone.
2:47 of 1st period - Mike Richards is hit by Brad Richards.
2:58 of 1st period - Slapshot by Sean Bergenheim.
2:58 of 1st period - Stopped by Henrik Lundqvist without a rebound.
2:59 of 1st period - Patrice Bergeron wins face-off versus Mike Richards in Rangers zone.
3:10 of 1st period - Wrist shot by Sean Bergenheim.
3:10 of 1st period - Deflect By Mike Richards.
3:10 of 1st period - Goal by Mike Richards - Red Wings : 1 - Rangers : 0.
3:11 of 1st period - Mike Cammalleri wins face-off versus Mike Richards in neutral zone.
3:36 of 1st period - Alex Picard is hit by Cam Barker and loses puck.
4:34 of 1st period - Shawn Horcoff is hit by Radek Bonk and loses puck.
5:17 of 1st period - Snap shot by Robert Dome.
5:17 of 1st period - Stopped by Henrik Lundqvist without a rebound.
5:18 of 1st period - Nate Thompson wins face-off versus Brad Richards in Rangers zone.
5:19 of 1st period - Snap shot by Jason Spezza.
5:19 of 1st period - Shot Misses the Net.
5:27 of 1st period - Snap shot by Jakob Silfverberg.
5:27 of 1st period - Shot Blocked by Shea Weber.
5:29 of 1st period - Wrist shot by Milan Lucic.
5:29 of 1st period - Shot Misses the Net.
5:31 of 1st period - Slapshot by Cam Barker.
5:31 of 1st period - Shot Blocked by Shea Weber.
6:03 of 1st period - Wrist shot by Nate Thompson.
6:03 of 1st period - Stopped by Henrik Lundqvist with a rebound.
6:05 of 1st period - Slapshot by Shea Weber.
6:05 of 1st period - Stopped by Henrik Lundqvist without a rebound.
6:06 of 1st period - Mike Richards wins face-off versus Gustav Nyquist in Rangers zone.
6:09 of 1st period - Wrist shot by Sean Bergenheim.
6:09 of 1st period - Stopped by Henrik Lundqvist without a rebound.
6:10 of 1st period - Mike Richards wins face-off versus Patrice Bergeron in Rangers zone.
7:21 of 1st period - Matt Greene is hit by Shawn Horcoff and loses puck.
7:31 of 1st period - Icing by Shawn Horcoff.
7:32 of 1st period - Patrice Bergeron wins face-off versus Shawn Horcoff in Red Wings zone.
7:35 of 1st period - Wrist shot by Milan Lucic.
7:35 of 1st period - Deflect By Jakob Silfverberg.
7:35 of 1st period - Stopped by Jonathan Quick with a rebound.
7:57 of 1st period - Snap shot by Shea Weber.
7:57 of 1st period - Deflect By Jason Spezza.
7:57 of 1st period - Goal by Jason Spezza - Red Wings : 2 - Rangers : 0.
7:58 of 1st period - Patrice Bergeron wins face-off versus Jason Spezza in neutral zone.
8:03 of 1st period - Wrist shot by Chris Bourque.
8:03 of 1st period - Stopped by Jonathan Quick with a rebound.
8:05 of 1st period - Wrist shot by Patrice Bergeron.
8:05 of 1st period - Shot Blocked by Jason Spezza.
8:07 of 1st period - Snap shot by Patrice Bergeron.
8:07 of 1st period - Goal by Patrice Bergeron - Red Wings : 2 - Rangers : 1.
8:08 of 1st period - Brad Richards wins face-off versus Jason Spezza in neutral zone.
8:13 of 1st period - Snap shot by Milan Lucic.
8:13 of 1st period - Stopped by Jonathan Quick without a rebound.
8:14 of 1st period - Martin Havlat wins face-off versus Brad Richards in Red Wings zone.
8:16 of 1st period - Minor Penalty to Martin Havlat for Holding.
8:17 of 1st period - Jason Spezza wins face-off versus Brad Richards in Red Wings zone.
8:20 of 1st period - Off-side.
8:21 of 1st period - Brad Richards wins face-off versus Jason Spezza in neutral zone.
10:16 of 1st period - Penalty to Martin Havlat is over, Martin Havlat is back on ice.
10:36 of 1st period - Snap shot by Alex Picard.
10:36 of 1st period - Stopped by Henrik Lundqvist with a rebound.
13:15 of 1st period - Matt Greene is hit by Richard Jackman and loses puck.
13:30 of 1st period - Jakob Silfverberg is hit by Shawn Horcoff and loses puck.
14:11 of 1st period - Nate Thompson is hit by Staffan Kronwall.
14:21 of 1st period - Drew Stafford is hit by Sean Bergenheim and loses puck.
14:41 of 1st period - Off-side.
14:42 of 1st period - Rick Nash wins face-off versus Brad Richards in neutral zone.
15:31 of 1st period - Chris Bourque is hit by Robert Dome and loses puck.
15:32 of 1st period - Chris Bourque from Rangers is injured at 15:32 of 1st period (Strained Left Knee).
15:33 of 1st period - Jason Spezza wins face-off versus Brad Richards in Rangers zone.
16:17 of 1st period - Richard Jackman is hit by Patrice Bergeron and loses puck.
16:40 of 1st period - Snap shot by Johan Franzen.
16:40 of 1st period - Stopped by Jonathan Quick with a rebound.
16:46 of 1st period - Slapshot by Radek Bonk.
16:46 of 1st period - Shot Blocked by Ossi Vaananen.
16:48 of 1st period - Snap shot by Nick Foligno.
16:48 of 1st period - Stopped by Jonathan Quick with a rebound.
17:34 of 1st period - Minor Penalty to Drew Stafford for High sticking.
17:35 of 1st period - Jason Spezza wins face-off versus Radek Bonk in Rangers zone.
18:07 of 1st period - Snap shot by Mike Richards.
18:07 of 1st period - Stopped by Henrik Lundqvist with a rebound.
18:09 of 1st period - Wrist shot by Shea Weber.
18:09 of 1st period - Deflect By Radek Bonk.
18:09 of 1st period - Stopped by Henrik Lundqvist with a rebound.
18:11 of 1st period - Wrist shot by Ales Hemsky.
18:11 of 1st period - Shot Misses the Net.
19:11 of 1st period - Cam Barker is hit by Martin Havlat.
19:17 of 1st period - Icing by Jason Spezza.
19:18 of 1st period - Jason Spezza wins face-off versus Radek Bonk in Red Wings zone.
19:29 of 1st period - Wrist shot by Mike Richards.
19:29 of 1st period - Stopped by Henrik Lundqvist without a rebound.
19:30 of 1st period - Mike Richards wins face-off versus Radek Bonk in Rangers zone.
19:31 of 1st period - Wrist shot by Paul Martin.
19:31 of 1st period - Deflect By Mike Richards.
19:31 of 1st period - Stopped by Henrik Lundqvist with a rebound.
19:34 of 1st period - Penalty to Drew Stafford is over, Drew Stafford is back on ice.
19:43 of 1st period - Snap shot by Drew Stafford.
19:43 of 1st period - Stopped by Jonathan Quick with a rebound.
19:45 of 1st period - Slapshot by Alexei Emelin.
19:45 of 1st period - Stopped by Jonathan Quick without a rebound.
19:46 of 1st period - Brad Richards wins face-off versus Jason Spezza in Red Wings zone.
19:47 of 1st period - Slapshot by Milan Lucic.
19:47 of 1st period - Shot Misses the Net.
Goals for this period are 2 for Red Wings vs 1 for Rangers.
Shots for this period are 14 for Red Wings vs 10 for Rangers.

2nd period


0:01 of 2nd period - Patrice Bergeron wins face-off versus Rick Nash in neutral zone.
0:08 of 2nd period - Slapshot by Gustav Nyquist.
0:08 of 2nd period - Shot Hit the Post.
0:10 of 2nd period - Slapshot by Ryan Whitney.
0:10 of 2nd period - Stopped by Jonathan Quick without a rebound.
0:11 of 2nd period - Milan Lucic wins face-off versus Martin Havlat in Red Wings zone.
0:16 of 2nd period - Slapshot by Brad Richards.
0:16 of 2nd period - Shot Blocked by Paul Martin.
0:23 of 2nd period - Off-side.
0:24 of 2nd period - Jason Spezza wins face-off versus Patrice Bergeron in neutral zone.
0:58 of 2nd period - Wrist shot by Mike Richards.
0:58 of 2nd period - Shot Misses the Net.
1:00 of 2nd period - Slapshot by Mike Richards.
1:00 of 2nd period - Shot Misses the Net.
1:20 of 2nd period - Slapshot by Johan Franzen.
1:20 of 2nd period - Stopped by Jonathan Quick without a rebound.
1:21 of 2nd period - Rick Nash wins face-off versus Brad Richards in Red Wings zone.
1:26 of 2nd period - Jakob Silfverberg is hit by Richard Jackman and loses puck.
2:09 of 2nd period - Snap shot by Sean Bergenheim.
2:09 of 2nd period - Stopped by Henrik Lundqvist with a rebound.
2:11 of 2nd period - Snap shot by Sean Bergenheim.
2:11 of 2nd period - Stopped by Henrik Lundqvist with a rebound.
2:13 of 2nd period - Wrist shot by Ales Hemsky.
2:13 of 2nd period - Shot Misses the Net.
3:10 of 2nd period - Ales Hemsky is hit by Mark Fistric.
3:14 of 2nd period - Mike Cammalleri is hit by Shea Weber and loses puck.
3:22 of 2nd period - Icing by Mike Cammalleri.
3:23 of 2nd period - Nate Thompson wins face-off versus Radek Bonk in Rangers zone.
3:38 of 2nd period - Snap shot by Jason Spezza.
3:38 of 2nd period - Stopped by Henrik Lundqvist with a rebound.
3:48 of 2nd period - Wrist shot by Ryan Whitney.
3:48 of 2nd period - Deflect By Jakob Silfverberg.
3:48 of 2nd period - Shot Hit the Post.
3:48 of 2nd period - Puck is out of play.
3:49 of 2nd period - Mike Richards wins face-off versus Brad Richards in Red Wings zone.
3:56 of 2nd period - Snap shot by Ales Hemsky.
3:56 of 2nd period - Stopped by Henrik Lundqvist with a rebound.
4:09 of 2nd period - Paul Martin is hit by Milan Lucic and loses puck.
4:51 of 2nd period - Snap shot by Milan Lucic.
4:51 of 2nd period - Shot Misses the Net.
4:59 of 2nd period - Jakob Silfverberg is hit by Mike Richards and loses puck.
5:31 of 2nd period - Snap shot by Sean Bergenheim.
5:31 of 2nd period - Stopped by Henrik Lundqvist with a rebound.
5:33 of 2nd period - Wrist shot by Mike Richards.
5:33 of 2nd period - Stopped by Henrik Lundqvist with a rebound.
6:03 of 2nd period - Backhand shot by Mike Richards.
6:03 of 2nd period - Shot Blocked by Milan Lucic.
6:05 of 2nd period - Snap shot by Sean Bergenheim.
6:05 of 2nd period - Deflect By Mike Richards.
6:05 of 2nd period - Shot Misses the Net.
6:05 of 2nd period - Puck is out of play.
6:06 of 2nd period - Martin Havlat wins face-off versus Patrice Bergeron in Rangers zone.
6:07 of 2nd period - Slapshot by Jason Spezza.
6:07 of 2nd period - Shot Misses the Net.
6:09 of 2nd period - Snap shot by Rick Nash.
6:09 of 2nd period - Stopped by Henrik Lundqvist without a rebound.
6:10 of 2nd period - Jason Spezza wins face-off versus Patrice Bergeron in Rangers zone.
7:06 of 2nd period - Off-side.
7:07 of 2nd period - Valtteri Filppula wins face-off versus Jason Spezza in neutral zone.
7:09 of 2nd period - Ryan Whitney is hit by Jason Spezza and loses puck.
7:12 of 2nd period - Minor Penalty to Jason Spezza for Roughing.
7:13 of 2nd period - Alex Picard wins face-off versus Patrice Bergeron in Red Wings zone.
8:11 of 2nd period - Paul Martin is hit by Mike Cammalleri and loses puck.
9:12 of 2nd period - Penalty to Jason Spezza is over, Jason Spezza is back on ice.
9:53 of 2nd period - Ossi Vaananen is hit by Staffan Kronwall and loses puck.
10:41 of 2nd period - Off-side.
10:42 of 2nd period - Brad Richards wins face-off versus Mike Brown in neutral zone.
10:53 of 2nd period - Ryan Whitney is hit by Alex Picard.
11:07 of 2nd period - Nick Foligno is hit by Sean Bergenheim and loses puck.
11:30 of 2nd period - Wrist shot by Jason Spezza.
11:30 of 2nd period - Shot Misses the Net.
11:32 of 2nd period - Slapshot by Shea Weber.
11:32 of 2nd period - Stopped by Henrik Lundqvist with a rebound.
11:46 of 2nd period - Snap shot by Mike Cammalleri.
11:46 of 2nd period - Stopped by Jonathan Quick with a rebound.
11:48 of 2nd period - Minor Penalty to Jason Spezza for Tripping.
11:49 of 2nd period - Alex Picard wins face-off versus Brad Richards in Red Wings zone.
11:49 of 2nd period - Alex Picard is hit by Brad Richards.
11:59 of 2nd period - Slapshot by Brad Richards.
11:59 of 2nd period - Deflect By Milan Lucic.
11:59 of 2nd period - Stopped by Jonathan Quick without a rebound.
12:00 of 2nd period - Milan Lucic wins face-off versus Alex Picard in Red Wings zone.
12:01 of 2nd period - Wrist shot by Brad Richards.
12:01 of 2nd period - Stopped by Jonathan Quick with a rebound.
13:29 of 2nd period - Cam Barker is hit by Shea Weber and loses puck.
13:48 of 2nd period - Penalty to Jason Spezza is over, Jason Spezza is back on ice.
13:56 of 2nd period - Rick Nash is hit by Radek Bonk and loses puck.
14:41 of 2nd period - Ossi Vaananen is hit by Milan Lucic and loses puck.
16:44 of 2nd period - Minor Penalty to Martin Havlat for Hooking.
16:45 of 2nd period - Brad Richards wins face-off versus Jason Spezza in Red Wings zone.
17:12 of 2nd period - Paul Martin is hit by Gustav Nyquist and loses puck.
18:42 of 2nd period - Maxim Kondratiev is hit by Mike Cammalleri and loses puck.
18:44 of 2nd period - Penalty to Martin Havlat is over, Martin Havlat is back on ice.
18:57 of 2nd period - Staffan Kronwall is hit by Mike Richards and loses puck.
19:02 of 2nd period - Wrist shot by Ales Hemsky.
19:02 of 2nd period - Stopped by Henrik Lundqvist with a rebound.
Goals for this period are 0 for Red Wings vs 0 for Rangers.
Shots for this period are 9 for Red Wings vs 5 for Rangers.

3rd period


0:01 of 3rd period - Valtteri Filppula wins face-off versus Jason Spezza in neutral zone.
0:10 of 3rd period - Snap shot by Valtteri Filppula.
0:10 of 3rd period - Shot Misses the Net.
0:12 of 3rd period - Wrist shot by Drew Stafford.
0:12 of 3rd period - Shot Blocked by Shea Weber.
0:14 of 3rd period - Slapshot by Ryan Whitney.
0:14 of 3rd period - Stopped by Jonathan Quick with a rebound.
0:16 of 3rd period - Slapshot by Ryan Whitney.
0:16 of 3rd period - Deflect By Valtteri Filppula.
0:16 of 3rd period - Shot Misses the Net.
0:16 of 3rd period - Puck is out of play.
0:17 of 3rd period - Mike Richards wins face-off versus Brad Richards in Red Wings zone.
0:22 of 3rd period - Mike Richards is hit by Brad Richards and loses puck.
0:43 of 3rd period - Mark Fistric is hit by Shea Weber and loses puck.
0:54 of 3rd period - Slapshot by Shea Weber.
0:54 of 3rd period - Shot Misses the Net.
1:15 of 3rd period - Jonathan Sigalet is hit by Drew Stafford and loses puck.
1:35 of 3rd period - Off-side.
1:36 of 3rd period - Patrice Bergeron wins face-off versus Mike Richards in neutral zone.
2:07 of 3rd period - Minor Penalty to Martin Havlat for Holding.
2:08 of 3rd period - Brad Richards wins face-off versus Jason Spezza in Red Wings zone.
2:24 of 3rd period - Slapshot by Drew Stafford.
2:24 of 3rd period - Deflect By Rick Nash.
2:24 of 3rd period - Goal by Drew Stafford - Red Wings : 2 - Rangers : 2.
2:25 of 3rd period - Brad Richards wins face-off versus Jason Spezza in neutral zone.
2:30 of 3rd period - Snap shot by Milan Lucic.
2:30 of 3rd period - Shot Blocked by Paul Martin.
2:50 of 3rd period - Paul Martin is hit by Drew Stafford and loses puck.
2:59 of 3rd period - Mike Cammalleri is hit by Maxim Kondratiev and loses puck.
3:14 of 3rd period - Slapshot by Mark Fistric.
3:14 of 3rd period - Deflect By Milan Lucic.
3:14 of 3rd period - Shot Misses the Net.
3:14 of 3rd period - Puck is out of play.
3:15 of 3rd period - Jason Spezza wins face-off versus Milan Lucic in Red Wings zone.
3:20 of 3rd period - Cam Barker is hit by Rick Nash and loses puck.
3:39 of 3rd period - Snap shot by Patrice Bergeron.
3:39 of 3rd period - Stopped by Jonathan Quick without a rebound.
3:40 of 3rd period - Mike Richards wins face-off versus Valtteri Filppula in Red Wings zone.
3:49 of 3rd period - Snap shot by Mike Richards.
3:49 of 3rd period - Stopped by Henrik Lundqvist with a rebound.
3:51 of 3rd period - Wrist shot by Richard Jackman.
3:51 of 3rd period - Shot Misses the Net.
3:53 of 3rd period - Snap shot by Ales Hemsky.
3:53 of 3rd period - Deflect By Sean Bergenheim.
3:53 of 3rd period - Stopped by Henrik Lundqvist with a rebound.
4:39 of 3rd period - Milan Lucic is hit by Alex Picard and loses puck.
4:58 of 3rd period - Cam Barker is hit by Sean Bergenheim and loses puck.
5:06 of 3rd period - Icing by Matt Greene.
5:07 of 3rd period - Nate Thompson wins face-off versus Patrice Bergeron in Rangers zone.
5:34 of 3rd period - Double Minor Penalty to Gustav Nyquist for Slashing.
5:35 of 3rd period - Jason Spezza wins face-off versus Radek Bonk in Rangers zone.
6:35 of 3rd period - Maxim Kondratiev is hit by Alexei Emelin and loses puck.
7:23 of 3rd period - Paul Martin is hit by Matt Greene.
7:59 of 3rd period - Maxim Kondratiev is hit by Matt Greene and loses puck.
9:34 of 3rd period - Penalty to Gustav Nyquist is over, Gustav Nyquist is back on ice.
9:36 of 3rd period - Cam Barker is hit by Rick Nash.
9:52 of 3rd period - Off-side.
9:53 of 3rd period - Milan Lucic wins face-off versus Nate Thompson in neutral zone.
10:43 of 3rd period - Ryan Whitney is hit by Shawn Horcoff and loses puck.
11:04 of 3rd period - Icing by Shea Weber.
11:05 of 3rd period - Valtteri Filppula wins face-off versus Mike Richards in Red Wings zone.
11:08 of 3rd period - Snap shot by Drew Stafford.
11:08 of 3rd period - Stopped by Jonathan Quick without a rebound.
11:09 of 3rd period - Valtteri Filppula wins face-off versus Jason Spezza in Red Wings zone.
11:43 of 3rd period - Off-side.
11:44 of 3rd period - Mike Richards wins face-off versus Brad Richards in neutral zone.
11:53 of 3rd period - Slapshot by Brad Richards.
11:53 of 3rd period - Stopped by Jonathan Quick without a rebound.
11:54 of 3rd period - Brad Richards wins face-off versus Mike Richards in Red Wings zone.
12:09 of 3rd period - Wrist shot by Ales Hemsky.
12:09 of 3rd period - Stopped by Henrik Lundqvist without a rebound.
12:10 of 3rd period - Valtteri Filppula wins face-off versus Jason Spezza in Rangers zone.
12:10 of 3rd period - Valtteri Filppula is hit by Rick Nash.
12:32 of 3rd period - Icing by Mark Fistric.
12:33 of 3rd period - Mike Richards wins face-off versus Valtteri Filppula in Rangers zone.
12:38 of 3rd period - Slapshot by Mike Richards.
12:38 of 3rd period - Stopped by Henrik Lundqvist with a rebound.
12:54 of 3rd period - Minor Penalty to Valtteri Filppula for Tripping.
12:55 of 3rd period - Radek Bonk wins face-off versus Jason Spezza in Rangers zone.
14:40 of 3rd period - Martin Havlat is hit by Matt Greene and loses puck.
14:54 of 3rd period - Penalty to Valtteri Filppula is over, Valtteri Filppula is back on ice.
15:01 of 3rd period - Ryan Whitney is hit by Shawn Horcoff and loses puck.
15:28 of 3rd period - Ales Hemsky is hit by Patrice Bergeron and loses puck.
15:55 of 3rd period - Brad Richards is hit by Alex Picard and loses puck.
19:18 of 3rd period - Icing by Matt Greene.
19:19 of 3rd period - Radek Bonk wins face-off versus Mike Richards in Rangers zone.
Goals for this period are 0 for Red Wings vs 1 for Rangers.
Shots for this period are 4 for Red Wings vs 5 for Rangers.

Overtime #1


0:01 of 1st overtime period - Jason Spezza wins face-off versus Brad Richards in neutral zone.
0:15 of 1st overtime period - Off-side.
0:16 of 1st overtime period - Brad Richards wins face-off versus Jason Spezza in neutral zone.
0:19 of 1st overtime period - Snap shot by Ryan Whitney.
0:19 of 1st overtime period - Shot Blocked by Shea Weber.
0:23 of 1st overtime period - Snap shot by Brad Richards.
0:23 of 1st overtime period - Stopped by Jonathan Quick with a rebound.
0:25 of 1st overtime period - Slapshot by Ryan Whitney.
0:25 of 1st overtime period - Shot Misses the Net.
0:27 of 1st overtime period - Snap shot by Milan Lucic.
0:27 of 1st overtime period - Stopped by Jonathan Quick without a rebound.
0:28 of 1st overtime period - Milan Lucic wins face-off versus Jason Spezza in Red Wings zone.
1:09 of 1st overtime period - Wrist shot by Patrice Bergeron.
1:09 of 1st overtime period - Stopped by Jonathan Quick with a rebound.
1:15 of 1st overtime period - Mark Fistric is hit by Mike Richards and loses puck.
2:58 of 1st overtime period - Mike Richards is hit by Mike Cammalleri and loses puck.
Goals for this period are 0 for Red Wings vs 0 for Rangers.
Shots for this period are 0 for Red Wings vs 3 for Rangers.

ShootOut


5:00 of 1st overtime period - Penalty Shot by Jason Spezza for Red Wings.
5:00 of 1st overtime period - Snap shot by Jason Spezza.
5:00 of 1st overtime period - Stopped by Henrik Lundqvist.
5:00 of 1st overtime period - Penalty Shot by Patrice Bergeron for Rangers.
5:00 of 1st overtime period - Backhand shot by Patrice Bergeron.
5:00 of 1st overtime period - Shot Misses the Net.
5:00 of 1st overtime period - Penalty Shot by Rick Nash for Red Wings.
5:00 of 1st overtime period - Backhand shot by Rick Nash.
5:00 of 1st overtime period - Stopped by Henrik Lundqvist.
5:00 of 1st overtime period - Penalty Shot by Brad Richards for Rangers.
5:00 of 1st overtime period - Wrist shot by Brad Richards.
5:00 of 1st overtime period - Stopped by Jonathan Quick.
5:00 of 1st overtime period - Penalty Shot by Mike Richards for Red Wings.
5:00 of 1st overtime period - Backhand shot by Mike Richards.
5:00 of 1st overtime period - Stopped by Henrik Lundqvist.
5:00 of 1st overtime period - Penalty Shot by Milan Lucic for Rangers.
5:00 of 1st overtime period - Wrist shot by Milan Lucic.
5:00 of 1st overtime period - Goal by Milan Lucic.


Output by the SimonT Hockey Simulator (STHS) for François Prévost -- Original Page W3C XHTML 1.0 Valid
Hockey Simulator - Hockey Simulation - Hockey Manager